 Dungeon Crawl Stone Soup version 0.31.0-12-g77e489cdc1 (webtiles) character file.

Game seed: 13350889440176256595

4 rhet the Trooper (level 1, -4/11 HPs)
             Began as a Vine Stalker Chaos Knight on Feb 18, 2024.
             Was a Plaything of Xom.
             Slain by a gnoll
             ... wielding a +0 spear
              (6 damage)
             ... on level 1 of the Dungeon.
             The game lasted 00:05:12 (450 turns).

rhet the Trooper (Vine Stalker Chaos Knight)         Turns: 450, Time: 00:05:13

Health: -4/11      AC:  5    Str: 14    XL:     1   Next: 60%
Magic:  0/2        EV: 10    Int: 12    God:    Xom [....*.]
Gold:   9          SH:  0    Dex: 13    Spells: 0/0 levels left

rFire   . . .        a - +0 spear (chaos)
rCold   . . .        (no shield)
rNeg    . . .        e - +0 ring mail
rPois   .            (no helmet)
rElec   .            (no cloak)
rCorr   .            (no gloves)
SInv    .            (no boots)
Will    .....        (no amulet)
Stlth   +            (no ring)
HPRegen 1.01/turn    (no ring)
MPRegen 0.08/turn

%: guardian spirit
@: no status effects
A: fangs 2, regeneration 1, magic shield, antimagic bite, no potion heal 2
a: Renounce Religion


You were on level 1 of the Dungeon.
You worshipped Xom.
You were a beloved toy of Xom.
You visited 1 branch of the dungeon, and saw 1 of its levels.

You collected 9 gold pieces.

Inventory:

Hand Weapons
 a - a +0 spear of chaos (weapon)
Armour
 b - a +2 leather armour
 e - a +0 ring mail (worn)
Jewellery
 d - a ring of magical power
Scrolls
 c - a scroll of butterflies
 f - a scroll of amnesia
 g - a scroll of enchant weapon {unknown}


   Skills:
 + Level 2.7 Fighting
 + Level 2.7 Polearms
 + Level 1.6 Armour
 + Level 0.9 Dodging


You couldn't memorise any spells.
You didn't know any spells.
Your spell library was empty.

Dungeon Overview and Level Annotations

Branches:
Dungeon (1/15)

Altars:


Innate Abilities, Weirdness & Mutations

You have extremely sharp teeth.
Your natural rate of healing is unusually fast.
When hurt, damage is shared between your health and your magic reserves.
Your bite disrupts and absorbs the magic of your enemies.
Potions cannot restore your health.


Message History

Okay, then.
Okay, then.
Unknown command.
Unknown command.
Okay, then.
The bat hits you but does no damage. The gnoll hits you but does no damage.
You barely miss the gnoll. Your bite misses the gnoll.
The bat barely misses you. The gnoll hits you with a +0 spear!
Ouch! That really hurt!
The bat barely misses you.
The gnoll hits you from afar with a +0 spear.
* * * LOW HITPOINT WARNING * * *
The kobold throws a stone.
The stone hits you but does no damage. The bat barely misses you.
The bat attacks as it pursues you! The bat closely misses you.
The bat barely misses you.
The bat hits you but does no damage. x2; The gnoll attacks as it pursues you!
The gnoll barely misses you. The bat hits you but does no damage.
The bat attacks as it pursues you! The bat hits you.
The bat hits you but does no damage.
The gnoll hits you from afar with a +0 spear.
* * * LOW HITPOINT WARNING * * *
The bat barely misses you.
The kobold throws a stone.
The stone hits you but does no damage. The bat hits you but does no damage.
The bat barely misses you. The bat hits you but does no damage.
The gnoll attacks as it pursues you! The gnoll hits you but does no damage.
The bat barely misses you. The gnoll attacks as it pursues you!
The gnoll hits you from afar with a +0 spear.
* * * LOW HITPOINT WARNING * * *
The bat completely misses you. The gnoll attacks as it pursues you!
The gnoll hits you from afar with a +0 spear.
* * * LOW HITPOINT WARNING * * *
The bat barely misses you. The gnoll attacks as it pursues you!
The gnoll hits you from afar with a +0 spear.
* * * LOW HITPOINT WARNING * * *
The gnoll attacks as it pursues you!
The gnoll hits you from afar with a +0 spear.
Ouch! That really hurt!
You die...
Xom cackles wildly!

#...................+ ..
#...................# #...
#...................+ .....
#...................####.....
#...................##......
#.........####.........#..#
###.......................+
#....>........b.g.r..#..#
#......>.#####@###......#
#........# #.# #.#.####
#........# #.###.#.#####+#+#
#####.####
##.....K.....#.#.## #.#
#..........r...#.#. #.#
####.#.#...#.###.#.
#.##########.#.###...#.#.#.
#..............# ##..#.#.#.
####..#....####.### #....#'#.


You could see a gnoll, a bat and a rat.

Vanquished Creatures
  A hobgoblin (D:1)
  A ball python (D:1)
  A frilled lizard (D:1)
  2 rats (D:1)
5 creatures vanquished.

Notes
Turn   | Place    | Note
-------+----------+-------------------------------------------
     0 | D:1      | rhet the Vine Stalker Chaos Knight began the quest for the
                  | Orb.
     0 | D:1      | Reached XP level 1. HP: 11/11 MP: 2/2
   275 | D:1      | XOM: silly message
   428 | D:1      | XOM: chaos upgrade
   450 | D:1      | Slain by a gnoll

Illustrated notes

Levels and vault maps discovered:
D:1:      minmay_arrival_solitary_statue, layout_basic, minmay_domino_4

Action                     || total
---------------------------++-------
  Melee: Spear             ||    17
         Bite              ||     3
    Use: Scroll            ||     1
 Armour: Ring mail         ||    43
  Dodge: Dodged            ||    31
